Map: Lerilak Crest

Players

Diuna

  • Race: Protoss Protoss
  • League: Grandmaster

Javert - Winner!

  • Race: Zerg Zerg
  • League: Grandmaster

VOD

Have the link to the VOD?

Description

Time

  • Played on: June 13, 2015, 2:25 p.m.
  • Length: 3:29
Show
View Real Time Build Order
Export as new Build Order

Diuna Protoss 

Build Orders: Nexus First 

Get SALT Encoding   

  12  0:02  Probe  
  13  0:21  Pylon  
  13  0:24  Probe  
  14  0:39  Probe (Chrono Boost)  
  15  0:49  Probe (Chrono Boost)  
  16  0:56  Probe  
  17  1:05  Nexus  
  17  1:19  Forge  
  17  1:24  Probe  
  18  1:33  Pylon  
  18  1:36  Probe  
  19  1:41  Gateway  
  19  1:48  Pylon  
  19  1:54  Photon Cannon  
  19  1:58  Pylon  
  19  2:15  Photon Cannon x2  
  19  2:20  Pylon  
  19  2:27  Photon Cannon  
  19  2:44  Photon Cannon  
  19  2:51  Probe  
  19  2:57  Gateway  
  19  2:59  Pylon  
  19  3:01  Zealot  
  19  3:02  Photon Cannon  
  19  3:03  Probe  
  23  3:05  Probe  
  23  3:13  Gateway  
  23  3:14  Pylon  
  23  3:15  Probe  
  25  3:20  Pylon  
Show
View Real Time Build Order
Export as new Build Order

Javert Zerg - Winner!

Build Orders: Hatch First 

Get SALT Encoding   

  12  0:01  Drone  
  13  0:14  Overlord  
  13  0:22  Drone  
  14  0:33  Drone x2  
  16  0:40  Drone  
  17  0:48  Drone  
  18  0:56  Extractor  
  17  1:01  Hatchery  
  16  1:12  Spawning Pool  
  16  1:13  Drone  
  16  1:22  Drone x2  
  18  1:30  Drone  
  19  1:53  Drone x2  
  21  2:09  Drone  
  22  2:21  Zergling x2  
  22  2:22  Zergling x2  
  24  2:31  Zergling x4  
  25  2:52  Queen  
  25  2:55  Overlord x2  
  27  3:01  Overlord  
  27  3:08  Overlord  
Tags
 
Add a new tag
Caveats
  • Supply blocks, unpowered buildings, or Contaminate may cause inaccurate times.
  • Supply counts are checked every 10 seconds.